 Dungeon Crawl Stone Soup version 0.28.0-43-g3370ac3207 (webtiles) character file.

Game seed: 14279627332320137875

124 spiecas the Poker (level 5, -10/40 HPs)
             Began as a Merfolk Gladiator on Mar 3, 2022.
             Mangled by an ogre
             ... wielding a +0 giant spiked club
              (31 damage)
             ... on level 4 of the Dungeon.
             The game lasted 00:13:51 (3258 turns).

spiecas the Poker (Merfolk Gladiator)               Turns: 3258, Time: 00:13:51

Health: -10/40     AC:  4    Str: 14    XL:     5   Next: 8%
Magic:  5/5        EV: 14    Int:  7    God:
Gold:   49         SH:  0    Dex: 18    Spells: 4/4 levels left

rFire   . . .      SeeInvis .   a - +1 trident
rCold   . . .      Faith    .   (no shield)
rNeg    . . .      Spirit   .   b - +0 leather armour
rPois   .          Reflect  .   c - +0 helmet
rElec   .          Harm     .   (no cloak)
rCorr   .          Rampage  .   (no gloves)
Will    .....                   (no boots)
Stlth   ++........              (no amulet)
HPRegen 0.13/turn               (no ring)
MPRegen 0.09/turn               (no ring)

@: no status effects
A: (nimble swimmer 2), mertail
a: no special abilities


You were on level 4 of the Dungeon.
You visited 1 branch of the dungeon, and saw 4 of its levels.

You collected 133 gold pieces.
You spent 84 gold pieces at shops.

Inventory:

Hand Weapons
 a - a +1 trident (weapon)
 i - a +0 short sword
Missiles
 d - 3 throwing nets (quivered)
Armour
 b - a +0 leather armour (worn)
 c - a +0 helmet (worn)
Wands
 o - a wand of polymorph (9)
Scrolls
 h - a scroll of summoning
 j - 4 scrolls of enchant weapon
 p - 2 scrolls of magic mapping
Potions
 e - a potion of lignification
 f - a potion of ambrosia
 g - a potion of heal wounds {unknown}
 k - a potion of haste {unknown}
 l - 2 potions of curing
 m - a potion of degeneration {unknown}
 n - a potion of magic {unknown}


   Skills:
 + Level 2.8 Fighting
 + Level 2.1 Short Blades
 + Level 5.6 Polearms
 + Level 2.1 Throwing
 + Level 0.9 Armour
 * Level 4.6 Dodging
 + Level 1.5 Stealth


You had 4 spell levels left.
You didn't know any spells.
Your spell library was empty.

Dungeon Overview and Level Annotations

Branches:
Dungeon (4/15)
 Temple: D:4-7

Altars:
Makhleb

Shops:
D:2 (   D:3 [[(!


Innate Abilities, Weirdness & Mutations

((You are very nimble when in or above water. (Stealth+, EV+, Speed+++)))
Your lower body shifts to a powerful aquatic tail in water.


Message History

You hit the adder.
You kill the adder!
You feel sick.
You feel sick.
You feel sick.
You feel sick.
You are no longer poisoned.
o - a wand of polymorph (9)
You see here 19 arrows.
HP restored.
An iguana and an ogre come into view.
Reach: a) +1 trident
Press: ? - help, Dir - move target, f - ogre
Aim: an ogre, wielding a +0 giant spiked club (asleep, about 2% to evade your +1 trident)
You reach to attack!
The helpless ogre fails to defend itself.
You hit the ogre.
The ogre is lightly wounded.
You hit the ogre.
The ogre is moderately wounded.
The iguana hisses angrily.
You hit the ogre.
The ogre is heavily wounded.
The ogre misses you.
You hit the ogre.
The ogre is severely wounded.
The ogre hits you with a +0 giant spiked club!
The ogre misses you.
You hit the iguana but do no damage. The iguana bites you.
You hit the iguana.
The iguana is moderately wounded.
The iguana bites you!
* * * LOW HITPOINT WARNING * * *
You feel better.
You hit the iguana.
The iguana is heavily wounded.
The iguana bites you.
The ogre hits you with a +0 giant spiked club!!
Ouch! That really hurt!
You die...

..........
#........ #.......
#......# #
####...... .#
#........ #####.###
........###........
...#.....l@........
........#O#........
#.......#..........
###...####.........
#.#..###.....[...
#(#.....#.(......
#.......#........
#.......#.#######
##...#####.######


You could see an ogre and an iguana.

Vanquished Creatures
  5 gnolls
  2 adders
  A worm (D:3)
  3 dart slugs
  2 bats
  3 endoplasms
  4 giant cockroaches
  3 goblins
  5 hobgoblins
  4 jackals (D:1)
  A quokka (D:2)
  6 ball pythons
  A frilled lizard (D:2)
  5 kobolds
  3 rats
48 creatures vanquished.

Vanquished Creatures (others)
  20 plants (D:3)
20 creatures vanquished.

Grand Total: 68 creatures vanquished

Notes
Turn   | Place    | Note
-------+----------+-------------------------------------------
     0 | D:1      | spiecas the Merfolk Gladiator began the quest for the Orb.
     0 | D:1      | Reached XP level 1. HP: 16/16 MP: 1/1
   255 | D:1      | Reached XP level 2. HP: 16/22 MP: 2/2
   566 | D:1      | Reached skill level 1 in Short Blades
  1014 | D:2      | Reached XP level 3. HP: 24/28 MP: 3/3
  1200 | D:2      | Found a burning altar of Makhleb.
  1605 | D:2      | Reached skill level 5 in Polearms
  2121 | D:3      | Reached skill level 1 in Stealth
  2155 | D:3      | Found Oniazxi's Distillery.
  2181 | D:3      | Bought a potion of curing for 42 gold pieces
  2181 | D:3      | Bought a potion of curing for 42 gold pieces
  2285 | D:3      | Found Mousyj's Armour Shop.
  2314 | D:3      | Found Owoesm's Weapon Boutique.
  2333 | D:3      | Reached XP level 4. HP: 21/34 MP: 4/4
  2857 | D:3      | Found Hizeb's Armour Shop.
  3080 | D:3      | Reached XP level 5. HP: 40/40 MP: 5/5
  3247 | D:4      | Noticed an ogre
  3258 | D:4      | Mangled by an ogre

Illustrated notes

Levels and vault maps discovered:
D:1:      dpeg_arrival_rooms_b, layout_loops_ring
D:2:      layout_loops_corners, basic_altar
D:3:      minmay_wonky_spiral, layout_loops_cross, serial_bayou,
          serial_bayou_shore_a, serial_bayou_lake_a, serial_bayou_lagoon_b,
          serial_bayou_ford_a, serial_shops, shop, nicolae_shop_waterfront,
          nicolae_shop_behind_doors, nicolae_shop_statue_plus
D:4:      kennysheep_six_static_rooms, layout_rooms,
          nicolae_hepliaklqana_ecumenical_no_more, minmay_temple_entry_fiery,
          serial_shops, shop, nicolae_diamond_shop, kennysheep_small_circle

Skill      XL: |  1  2  3 |
---------------+----------+-----
Short Blades   | 1 2 |  2.1
Polearms       | 5 |  5.6
Stealth        | 1 |  1.5
Fighting       | |  2.8
Throwing       | |  2.1
Armour         | |  0.9
Dodging        | |  4.6

Action                   |  1- 3 |  4- 6 || total
-------------------------+-------+-------++-------
Melee: Trident           |    82 |    47 ||   129
       Short sword       |    55 |       ||    55
       Punch             |     5 |     1 ||     6
       Tailslap          |     4 |       ||     4
  Use: Scroll            |     6 |     1 ||     7
       Potion            |       |     1 ||     1
 Stab: Sleeping          |     4 |     2 ||     6
       Distracted        |       |     1 ||     1
Armor: Leather armour    |    37 |     9 ||    46
Dodge: Dodged            |    75 |    23 ||    98
